AoeStats
← Barn3tt

Arabia

510775992Analyzed
1v1 RM · 9h ago on Oct 2, 2026· 44m 27s· 2 players
Game mode
Random Map
Map size
Tiny (2 player)
Population
200
Speed
Normal
Resources
Standard
Victory
Conquest
Starting age
Dark Age
Ending age
Imperial Age
RankedLock teamsTeams togetherTeam positionsShared explorationLock speedFull tech treeHidden civsTurbo modeCheats
Victory
Defeat
🇨🇭 Italians · Switzerland
1060
+18
🇺🇸 Varangians · United States
1099
-18
rarra
7:09 Loom
9:24 Feudal Age
10:10 Double-Bit Axe
11:20 Horse Collar
16:57 Wheelbarrow
18:31 Fletching
23:27 Castle Age
22:08 Gold Mining
22:33 Stone Mining
24:04 Crossbowman
25:07 Heavy Plow
25:18 Bow Saw
25:34 Bodkin Arrow
26:49 Thumb Ring
29:55 Hand Cart
32:36 Ballistics
33:00 Town Watch
36:56 Imperial Age
35:37 Padded Archer Armor
39:29 Chemistry
38:47 Bracer
38:28 Arbalester
40:04 Hoardings
42:43 Masonry
44:16 Leather Archer Armor
Barn3tt
6:06 Loom
8:52 Feudal Age
10:50 Bloodlines
14:38 Double-Bit Axe
20:55 Fletching
23:59 Castle Age
23:29 Wheelbarrow
22:57 Padded Archer Armor
22:53 Horse Collar
25:20 Bodkin Arrow
25:40 Leather Archer Armor
26:40 Husbandry
28:44 Gold Mining
34:58 Imperial Age
32:10 Light Cavalry
33:40 Ballistics
34:32 Stone Mining
35:41 Cranequins
37:18 Conscription
37:43 Bracer
39:50 Bow Saw
40:27 Town Watch
44:16 Elite Skirmisher
Connection lost

Rejoining the realm…

Still unreachable

The connection could not be restored.

Session expired

The server has moved on; the page needs a fresh start.